 Dungeon Crawl Stone Soup version 0.24.0-1-gfbc8707122 (webtiles) character file.

Game seed: 13459281774119154822, levelgen mode: deterministic

28772 Emblim88 the Whirler (level 13, -16/116 HPs)
             Began as a Centaur Hunter on Oct 27, 2019.
             Was the Champion of the Shining One.
             Demolished by an orc warrior
             ... wielding a +4 halberd of venom
              (17 damage)
             ... while paralysed by an orc sorcerer
             ... on level 2 of the Orcish Mines.
             The game lasted 00:42:57 (14039 turns).

Emblim88 the Whirler (Centaur Hunter)              Turns: 14039, Time: 00:42:57

Health: -16/116    AC:  7    Str: 26    XL:     13   Next: 11%
Magic:  19/19      EV:  1    Int: 10    God:    the Shining One [******]
Gold:   501        SH:  0    Dex: 21    Spells: 12/12 levels left

rFire    . . .     SeeInvis +   l - +9 hunting sling of Psychosis {velocity, Str+6 Dex+3}
rCold    . . .     Gourm    .   S - +3 warlock's mirror {reflect}
rNeg     + + +     Faith    .   u - +1 leather armour "Etarin" {rCorr Dex+4}
rPois    .         Spirit   .   O - +2 helmet {SInv}
rElec    .         Reflect  +   (no cloak)
rCorr    +         Harm     .   A - +2 pair of gloves
MR       .....                  (no barding)
Stlth    +.........             b - amulet of Fynilone {Regen+ Str+2}
HPRegen  0.69/turn              q - +2 ring of strength
MPRegen  0.16/turn              L - +1 ring of evasion

@: paralysed, lethally poisoned (-16 -> -20), corroded, glowing, very quick
A: large, hooves 3, deformed body, speed 2, tough skin 3
a: Divine Shield, Cleansing Flame, Summon Divine Warrior, Brand Weapon With Holy
Wrath, Renounce Religion


You were on level 2 of the Orcish Mines.
You worshipped the Shining One.
The Shining One was exalted by your worship.
You were not hungry.

You visited 3 branches of the dungeon, and saw 16 of its levels.
You also visited: Ossuary.

You collected 1237 gold pieces.
You spent 736 gold pieces at shops.

Inventory:

Hand Weapons
 l - the +9 hunting sling of Psychosis (weapon) {velocity, Str+6 Dex+3}
   (You found it on level 4 of the Dungeon)

   Any stone fired from it inflicts extra damage.
   It affects your strength (+6).
   It affects your dexterity (+3).
 H - a +1 mace of protection
Missiles
 d - 195 arrows
 w - 210 stones (quivered)
Armour
 u - the +1 leather armour "Etarin" (worn) {rCorr Dex+4}
   (You found it on level 4 of the Dungeon)

   It affects your dexterity (+4).
   It provides partial protection from all sources of acid and corrosion.
 A - a +2 pair of gloves (worn)
 O - a +2 helmet of see invisible (worn)
 S - the +3 warlock's mirror (worn) {reflect}
   (You bought it in a shop on level 12 of the Dungeon)
Jewellery
 b - the amulet of Fynilone (around neck) {Regen+ Str+2}
   (You found it on level 9 of the Dungeon)

   [amulet of regeneration]

   It affects your strength (+2).
   It increases your rate of regeneration.
 q - a +2 ring of strength (left hand)
 x - the amulet "Norchitin" {rPois Regen+}
   (You acquired it on level 7 of the Dungeon)

   [amulet of regeneration]

   It protects you from poison.
   It increases your rate of regeneration.
 y - an uncursed amulet of harm
 L - a +1 ring of evasion (right hand)
Wands
 a - a wand of iceblast (28)
 m - a wand of enslavement (6)
 E - a wand of paralysis (11)
 P - a wand of digging (6)
Scrolls
 e - 5 scrolls of fog
 i - 9 scrolls of teleportation
 j - 10 scrolls of amnesia
 k - 3 scrolls of blinking
 p - 3 scrolls of enchant armour
 z - 9 scrolls of remove curse
 B - a scroll of silence {unknown}
 G - 2 scrolls of immolation
 I - 3 scrolls of fear
 J - 2 scrolls of magic mapping
 N - 3 scrolls of identify
Potions
 c - a potion of brilliance
 g - a potion of berserk rage
 n - 4 potions of lignification
 o - 2 potions of heal wounds
 r - a potion of flight
 s - 5 potions of degeneration
 t - 6 potions of curing
 v - 2 potions of mutation
 C - a potion of invisibility
 D - a potion of ambrosia
 F - a potion of resistance
 K - 2 potions of might
 R - a potion of agility {unknown}
Comestibles
 f - 18 rations
 h - 3 chunks of flesh


   Skills:
 + Level 11.4 Fighting
 - Level 15.2 Slings
   Level 9.6 Bows
 - Level 1.3 Dodging
 - Level 0.4 Stealth
 * Level 6.5 Invocations
 + Level 8.9 Evocations


You had 12 spell levels left.
You didn't know any spells.
Your spell library contained the following spells:

 Spells                   Type           Power        Failure   Level  Hunger
 Apportation              Tloc           #.....       58%         1    ##.....
 Summon Butterflies       Summ           #.......     58%         1    ##.....
 Shroud of Golubria       Chrm/Tloc      #.....       73%         2    ###....
 Lesser Beckoning         Tloc           #.........   91%         3    ####...
 Tukima's Dance           Hex            #.......     91%         3    ####...
 Alistair's Intoxication  Tmut/Pois      #.......     100%        5    ######.
 Aura of Abjuration       Summ           #.........   100%        5    ######.
 Excruciating Wounds      Chrm/Necr      #.........   100%        5    ######.
 Invisibility             Hex            #.......     100%        6    #######
 Ring of Flames           Chrm/Fire      #.........   100%        7    #######


Dungeon Overview and Level Annotations

Branches:
Dungeon (13/15)            Temple (1/1) D:5            Lair (0/6) D:8
    Orc (2/2) D:11        Ossuary (visited)
    Elf: Orc:2       Vaults: D:13-14

Altars:
Ashenzari
Cheibriados
Dithmenos
Elyvilon
Fedhas
Gozag
Hepliaklqana
Kikubaaqudgha
Makhleb
Nemelex Xobeh
Okawaru
Qazlal
Ru
Sif Muna
Trog
Uskayaw
Vehumet
Wu Jian
Xom
Yredelemnul
Zin
The Shining One

Shops:
D:10 [   D:12 [   Orc:1 (=%=*

Annotations:
D:3 1 runed translucent door
D:9 3 runed translucent doors, Uqejoa's ghost, novice OpTm; xeno23's ghost, journeyman OpAE


Innate Abilities, Weirdness & Mutations

You have hooves in place of feet.
Armour fits poorly on your strangely shaped body.
You cover ground very quickly.
You have extremely tough skin. (AC +3)


Message History

The orc priest mumbles some strange prayers to Beogh against you.
Beogh smites you!
You feel sick.
The orc warrior hits you from afar with a +4 halberd of venom.
The orc priest invokes the aid of Beogh against you.
Beogh smites you!
* * * LOW HITPOINT WARNING * * *
The orc sorcerer hits you but does no damage.
The orc wizard hits you but does no damage.
The rust devil hits you.
* * * LOW HITPOINT WARNING * * *
The rust devil corrodes you!
The orc warrior hits you from afar with a +1 trident of protection!!
* * * LOW HITPOINT WARNING * * *
You hear a shout!
* * * LOW HITPOINT WARNING * * *
You feel sick.
An orc wizard comes into view. It is wielding a +0 dagger.
The orc warrior hits you from afar with a +4 halberd of venom!
You die...

#..............#......
#....................
##..)..#.............
#...................
#........#.##.......
#......#####........
#....)...###..)).)..
#.)#...)#...).##.......
#(.)oo@.#.<.))...)<....
#.(.oo4.##....).....#..
#.(oo.o.......#.)......
#(.#.o#.##.#.).#....[).
.o).#...........)).)).))
(( #....#..............
( #..##...#...........
#.. ##...#..........
##.........#.#.


You could see an orc high priest, a rust devil, an orc sorcerer, 3 orc warriors,
2 orc priests and 2 orc wizards.

Vanquished Creatures
  Harold (D:8)
  2 death knights
  2 two-headed ogres
  A tengu warrior (D:12)
  2 skeletal warriors
  An unseen horror (D:12)
  Pikel (D:8)
  2 deep elf magi
  2 cyclopes (D:13)
  2 ugly things
  3 orc sorcerers (Orc:2)
  Maurice (D:8)
  A manticore (D:13)
  4 centaur skeletons
  2 kobold demonologists (D:12)
  A yaktaur (D:12)
  2 freezing wraiths
  4 trolls
  A hornet (D:12)
  3 hippogriffs
  A harpy skeleton (D:12)
  4 slime creatures (D:13)
  A shadow (D:9)
  5 wraiths
  2 wyverns
  8 yaks
  A vampire mosquito (D:12)
  A soldier ant (D:13)
  A water moccasin (D:9)
  6 porcupines (D:8)
  6 sky beasts
  14 orc warriors
  2 phantoms
  4 black bears
  A hornet zombie (D:9)
  A slave (D:8)
  7 ice beasts
  2 necrophages
  14 ogres
  4 centaurs
  A crocodile (D:8)
  12 bullfrogs
  6 big kobolds
  2 gnoll sergeants (D:11)
  A wyvern zombie (D:13)
  A wyvern skeleton (D:8)
  13 scorpions
  5 killer bees (D:7)
  9 wights (D:11)
  An electric eel (D:8)
  2 howler monkeys
  A lava snake (D:13)
  2 centaur zombies
  7 crimson imps
  2 human zombies (Ossuary)
  2 jellies
  2 quasits
  7 hounds
  25 orc wizards
  14 orc priests
  2 bullfrog skeletons
  3 iguanas
  11 worker ants
  A killer bee zombie (D:7)
  3 big kobold zombies (Ossuary)
  3 hound skeletons
  3 mummies (Ossuary)
  A worker ant zombie (D:6)
  A scorpion zombie (Ossuary)
  9 adders
  8 gnolls
  4 shadow imps
  An ooze (D:1)
  3 adder zombies
  2 adder skeletons
  3 worms
  2 dart slugs
  2 leopard geckos
  57 orcs
  2 ball pythons
  4 giant cockroaches
  A gnoll zombie (Ossuary)
  8 goblins
  7 hobgoblins
  12 jackals
  17 kobolds
  2 quokkas (D:5)
  5 bats
  5 frilled lizards
  3 goblin zombies (Ossuary)
  3 hobgoblin zombies (Ossuary)
  A kobold zombie (Ossuary)
  A leopard gecko skeleton (D:9)
  3 orc zombies (Ossuary)
  A quokka skeleton (D:5)
  A quokka zombie (D:9)
  6 rats
439 creatures vanquished.

Vanquished Creatures (others)
  A scorpion (Ossuary)
  An orc wizard (Orc:2)
  A hobgoblin zombie (Ossuary)
  5 fungi (D:8)
  A plant (D:8)
9 creatures vanquished.

Grand Total: 448 creatures vanquished

Notes
Turn   | Place    | Note
-------+----------+-------------------------------------------
     0 | D:1      | Emblim88 the Centaur Hunter began the quest for the Orb.
     0 | D:1      | Reached XP level 1. HP: 17/17 MP: 1/1
   146 | D:1      | Reached XP level 2. HP: 24/24 MP: 2/2
   510 | D:1      | Reached XP level 3. HP: 25/30 MP: 3/3
   781 | D:2      | Noticed an ogre
   793 | D:2      | Killed an ogre
   793 | D:2      | Reached XP level 4. HP: 38/38 MP: 4/4
  1255 | D:2      | Found a burning altar of Makhleb.
  1283 | D:2      | Reached XP level 5. HP: 44/45 MP: 5/5
  2494 | D:3      | Found a runed translucent door.
  2494 | D:3      | Found a glowing silver altar of Zin.
  2494 | D:3      | Noticed an angel
  2878 | D:4      | Reached XP level 6. HP: 44/52 MP: 6/6
  3233 | D:4      | Got an ichor-stained leather armour
  3270 | D:4      | Identified the +1 leather armour "Etarin" {rCorr Dex+4}
                  | (You found it on level 4 of the Dungeon)
  3286 | D:4      | Reached XP level 7. HP: 47/60 MP: 7/7
  3471 | D:4      | Got a warped hunting sling
  3479 | D:4      | Identified the +9 hunting sling of Psychosis {velocity,
                  | Str+6 Dex+3} (You found it on level 4 of the Dungeon)
  3819 | D:5      | Entered Level 5 of the Dungeon
  3951 | D:5      | Reached skill level 1 in Slings
  4044 | D:5      | Found an ornate altar of the Wu Jian Council.
  4049 | D:5      | Reached skill level 2 in Slings
  4077 | D:5      | Found a snail-covered altar of Cheibriados.
  4109 | D:5      | Reached skill level 5 in Fighting
  4109 | D:5      | Reached skill level 3 in Slings
  4295 | D:5      | Found a shadowy altar of Dithmenos.
  4456 | D:5      | Found a staircase to the Ecumenical Temple.
  4467 | Temple   | Entered the Ecumenical Temple
  4694 | Temple   | Became a worshipper of the Shining One
  5087 | D:6      | Reached skill level 4 in Slings
  5101 | D:6      | Reached XP level 8. HP: 46/69 MP: 8/8
  5129 | D:6      | Reached skill level 5 in Slings
  5409 | D:6      | Reached skill level 6 in Slings
  5532 | D:6      | Reached skill level 1 in Invocations
  5539 | D:6      | Reached skill level 1 in Evocations
  5656 | D:6      | Found a blossoming altar of Fedhas.
  5660 | D:6      | Found a bloodstained altar of Trog.
  5662 | D:6      | Found a sparkling altar of Nemelex Xobeh.
  5906 | D:7      | Reached skill level 7 in Slings
  5931 | D:7      | Reached * piety under the Shining One
  5953 | D:7      | Reached XP level 9. HP: 77/78 MP: 10/10
  6179 | D:7      | Found a sand-covered staircase.
  6191 | Ossuary  | Entered an ossuary
  6241 | Ossuary  | Reached skill level 8 in Slings
  6296 | Ossuary  | Reached ** piety under the Shining One
  6569 | Ossuary  | Reached *** piety under the Shining One
  6883 | D:7      | Identified a scroll of acquirement
  6932 | D:7      | Got a transparent golden amulet
  6934 | D:7      | Identified the amulet "Norchitin" {rPois Regen+} (You
                  | acquired it on level 7 of the Dungeon)
  6954 | D:8      | Reached skill level 9 in Slings
  7008 | D:8      | Noticed Pikel
  7023 | D:8      | Killed Pikel
  7023 | D:8      | Reached XP level 10. HP: 79/88 MP: 13/13
  7138 | D:8      | Noticed Harold
  7163 | D:8      | Killed Harold
  7163 | D:8      | Reached skill level 5 in Invocations
  7273 | D:8      | Reached skill level 10 in Slings
  7453 | D:8      | Found a staircase to the Lair.
  7552 | D:8      | Noticed Maurice
  7571 | D:8      | Killed Maurice
  7571 | D:8      | Reached skill level 5 in Evocations
  7622 | D:8      | Found a radiant altar of Vehumet.
  8048 | D:9      | Got a crude platinum amulet
  8051 | D:9      | Identified the Handbook of Creative Protection
  8054 | D:9      | Identified the amulet of Fynilone {Regen+ Str+2} (You found
                  | it on level 9 of the Dungeon)
  8102 | D:9      | Found a runed translucent gate.
  8102 | D:9      | Found a runed translucent gate.
  8102 | D:9      | Found a runed translucent gate.
  8102 | D:9      | Noticed xeno23's ghost (journeyman OpAE)
  8103 | D:9      | Noticed Uqejoa's ghost (novice OpTm)
  8145 | D:9      | Reached **** piety under the Shining One
  8150 | D:9      | Reached skill level 11 in Slings
  8441 | D:9      | Reached XP level 11. HP: 95/95 MP: 15/15
  8629 | D:10     | Entered Level 10 of the Dungeon
  9037 | D:10     | Found Jinatzuwk's Antique Armour Shoppe.
  9045 | D:10     | Bought a shiny helmet for 277 gold pieces
  9455 | D:11     | Reached ***** piety under the Shining One
  9514 | D:11     | Noticed a purple ugly thing
  9521 | D:11     | Killed a purple ugly thing
  9944 | D:11     | Reached skill level 12 in Slings
 10005 | D:11     | Found a staircase to the Orcish Mines.
 10273 | D:12     | Noticed a deep elf mage
 10280 | D:12     | Noticed a death knight
 10281 | D:12     | Killed a deep elf mage
 10292 | D:12     | Killed a death knight
 10297 | D:12     | Reached skill level 13 in Slings
 10316 | D:12     | Reached skill level 10 in Fighting
 10322 | D:12     | Noticed a skeletal warrior
 10343 | D:12     | Killed a skeletal warrior
 10347 | D:12     | Noticed a two-headed ogre
 10360 | D:12     | Killed a two-headed ogre
 10360 | D:12     | Reached XP level 12. HP: 96/106 MP: 17/17
 10672 | D:12     | Found Biazafen's Armour Emporium.
 10897 | D:12     | Noticed a tengu warrior
 10924 | D:12     | Killed a tengu warrior
 11084 | D:13     | Reached skill level 14 in Slings
 11251 | D:13     | Reached ****** piety under the Shining One
 11438 | D:13     | Noticed a death knight
 11438 | D:13     | Noticed a two-headed ogre
 11476 | D:13     | Killed a two-headed ogre
 11486 | D:13     | Killed a death knight
 11710 | D:13     | Reached skill level 15 in Slings
 12246 | Orc:1    | Entered Level 1 of the Orcish Mines
 12808 | Orc:1    | Found Reaxteix's Food Boutique.
 12818 | Orc:1    | Found Ettuh's Jewellery Emporium.
 12890 | Orc:1    | Found Rengiur's Weapon Boutique.
 12905 | Orc:1    | Bought 14 stones for 19 gold pieces
 12924 | Orc:1    | Found Qivori's Jewellery Boutique.
 12940 | Orc:1    | Found Itsiu's Assorted Antiques.
 13351 | D:12     | Bought the +3 warlock's mirror {reflect} for 440 gold
                  | pieces
 13351 | D:12     | Found the +3 warlock's mirror {reflect}
 13441 | Orc:2    | Entered Level 2 of the Orcish Mines
 13448 | Orc:2    | Reached XP level 13. HP: 116/116 MP: 19/19
 14019 | Orc:2    | Paralysed by an orc sorcerer for 7 turns
 14036 | Orc:2    | Paralysed by an orc sorcerer for 5 turns
 14038 | Orc:2    | HP: 1/116 [orc warrior/+1 trident of protection (21)]
 14039 | Orc:2    | Demolished by an orc warrior

Levels and vault maps discovered:
D:1:      minmay_arrival_five_plusses, layout_basic, kennysheep_boxes
D:2:      layout_basic, makhleb_grotto_becter
D:3:      layout_rooms, chequers_hall_statues_corner_a, lemuel_angel_altar
D:4:      layout_cave_pools, first_ration
D:5:      layout_basic, nicolae_overflow_crystal_walls,
          minmay_temple_entry_large_hall, basic_altar, kennysheep_slug_shrine
D:6:      layout_loops_cross, minitemple
D:7:      layout_basic, nicolae_ossuary_entry_monument
D:8:      layout_loops_ring, vehumet_crystals, due_lair_maze_entry_diamond,
          grunt_decor_arrowhead, minivault_4, uniq_pikel, uniq_maurice,
          uniq_harold
D:9:      layout_roguey, gammafunk_ghost_cemetery
D:10:     layout_irregular_city, serial_shops, shop
D:11:     layout_loops_ring, kennysheep_orc_monster_closet_entryway
D:12:     layout_rooms, serial_shops, kennysheep_little_box, grunt_tengu_nest,
          hangedman_corner_corridor
D:13:     layout_basic
Temple:   regret_index_temple_sphere_string
Orc:1:    layout_caves, serial_shops, shop, shop, nicolae_shop_waterfront,
          shop_coins, nicolae_shop_crystal
Orc:2:    st_orc_mages, layout_caves, nicolae_alphabet_shops

Skill      XL: |  1  2  3  4  5  6  7  8  9 10 11 12 |
---------------+-------------------------------------+-----
Bows           | 6 7 8 9 |  9.6
Fighting       | 3 4 5 6 7 8 10 11 | 11.4
Slings         | 4 7 9 11 13 15 | 15.2
Invocations    | 2 4 6 |  6.5
Evocations     | 2 3 5 7 8 |  8.9
Dodging        | |  1.3
Stealth        | |  0.4

Action                   |  1- 3 |  4- 6 |  7- 9 | 10-12 | 13-15 || total
-------------------------+-------+-------+-------+-------+-------++-------
Melee: Short sword       |       |    87 |       |       |       ||    87
       Kick              |       |    23 |       |       |       ||    23
 Fire: Shortbow          |    60 |   101 |    12 |       |       ||   173
       Hunting sling     |       |       |   282 |   728 |    94 ||  1104
Invok: Divine Shield     |       |       |       |     1 |       ||     1
Evoke: Wand              |       |       |       |     2 |       ||     2
  Use: Scroll            |       |       |    11 |     7 |       ||    18
       Potion            |       |       |     5 |     2 |       ||     7
  Eat: Ration            |       |     2 |     2 |     3 |       ||     7
       Chunk             |       |       |       |     5 |     1 ||     6
Armor: Leather armour    |     4 |       |    19 |    44 |     9 ||    76
       Chain mail        |       |   122 |       |       |       ||   122
Dodge: Dodged            |     3 |    30 |    23 |    45 |     1 ||   102
Block: Buckler           |       |       |       |    27 |     4 ||    31
       Reflection        |       |       |       |       |     1 ||     1
